 Dungeon Crawl Stone Soup version 0.30.0-29-ga12c61a403 (webtiles) character file.

Game seed: 3444735798109050957

667 RascalDebosk the Magician (level 7, -6/50 HPs)
             Began as a Djinni Conjurer on June 4, 2023.
             Was an Initiate of Ashenzari.
             Killed from afar by a white imp (15 damage)
             ... with a puff of frost
             ... on level 5 of the Dungeon.
             The game lasted 00:25:11 (4775 turns).

RascalDebosk the Magician (Djinni Conjurer)         Turns: 4775, Time: 00:25:12

Health: -6/50      AC:  3    Str:  6    XL:     7   Next: 88%
Gold:   31         EV: 12    Int: 21    God:    Ashenzari [......] SH:  0 Dex: 12

rFire   + + .        t - +0 rapier
rCold   x . .        (no shield)
rNeg    . . .        a - +0 robe
rPois   ∞            r - +0 helmet
rElec   .            w - scarf {shadows}
rCorr   .            (no gloves)
SInv    .            (boots unavailable)
Will    +....        (no amulet)
Stlth   ++           b - ring of willpower
HPRegen 0.28/turn    (no ring)
MPRegen 0.00/turn

%: infuse magic (-7 HP)
@: flying
A: sickness immunity, fire resistance 2, cold vulnerability 1, float, innate
caster, HP casting, extra vitality 1
a: Renounce Religion, Curse Item


You were on level 5 of the Dungeon.
You worshipped Ashenzari.
Ashenzari was noncommittal.
You visited 2 branches of the dungeon, and saw 6 of its levels.

You collected 215 gold pieces.
You spent 184 gold pieces at shops.

Inventory:

Hand Weapons
 p - a +1 short sword of venom
 s - a +0 dagger
 t - a +0 rapier (weapon)
Armour
 a - a +0 robe (worn)
 r - a +0 helmet (worn)
 w - a scarf of shadows (worn)
Jewellery
 b - a ring of willpower (left hand)
Wands
 m - a wand of flame (32)
Scrolls
 c - 2 scrolls of teleportation {unknown}
 d - a scroll of magic mapping {unknown}
 e - 3 scrolls of noise {unknown}
 g - a scroll of amnesia {unknown}
 i - 2 scrolls of immolation {unknown}
 l - 3 scrolls of identify {unknown}
 n - 2 scrolls of acquirement {unknown}
 q - a scroll of poison {unknown}
 v - a scroll of fear {unknown}
 x - a scroll of silence {unknown}
Potions
 f - a potion of might
 h - a potion of resistance {unknown}
 j - a potion of heal wounds {unknown}
 k - 3 potions of curing {unknown}
 o - a potion of haste {unknown}
 u - a potion of cancellation {unknown}


   Skills:
 + Level 3.0 Fighting
 + Level 1.4 Short Blades
 - Level 2.1 Dodging
 - Level 1.5 Stealth
 * Level 5.8 Spellcasting
 + Level 3.0 Evocations


You knew the following spells:

 Your Spells              Type           Power      Damage    Failure   Level
a - Magic Dart            Conj           100%       1d8       1%          1
b - Searing Ray           Conj           60%        2d6       1%          2
c - Dazzling Flash        Conj/Hex       60%        N/A       2%          3
d - Fulminant Prism       Conj/Hex       15%        3d10      9%          4
e - Iskenderun's Mystic   Conj/Tloc      30%        2d8       9%          4
f - Sandblast             Erth           60%        2d14      1%          1
g - Scorch                Fire           60%        2d7       1%          2
h - Inner Flame           Hex/Fire       30%        N/A       2%          3
Your spell library was empty.

Dungeon Overview and Level Annotations

Branches:
Dungeon (5/15)             Temple (1/1) D:4

Altars:
Ashenzari
Cheibriados
Dithmenos
Fedhas
Gozag
Hepliaklqana
Okawaru
Qazlal
Ru
Trog
Uskayaw
Xom
The Shining One

Shops:
D:1 [

Annotations:
D:5 Grinder


Innate Abilities, Weirdness & Mutations

You are immune to sickness and miasma.
You are immune to poison.
Your flesh is very heat resistant. (rF++)
You are vulnerable to cold. (rC-)
You float through the air rather than walking.
You learn spells naturally, not from books.
Your magical power is your life essence.
You have superior vitality. (+4 MHP)


Message History

Aiming: Inner Flame (dangerous; 3% risk of failure)
Press: ? - help, Dir - move target, f - orc warrior
Aim: an orc warrior, wielding a +0 war axe and wearing a +0 plate armour (wandering, hasn't noticed you, chance to affect: 83%)
The orc warrior shouts!
The orc warrior is filled with an inner flame.
A white imp comes into view.
Casting: Inner Flame (dangerous; 3% risk of failure)
Confirm with . or Enter, or press ? or * to list all spells.
You can't see any susceptible monsters within range! (Use Z to cast anyway.) Unknown command.
Casting: Inner Flame (dangerous; 3% risk of failure)
Confirm with . or Enter, or press ? or * to list all spells.
Aiming: Magic Dart (safe; 1% risk of failure)
Press: ? - help, Shift-Dir - straight line, f/p - orc warrior
Aim: an orc warrior, wielding a +0 war axe and wearing a +0 plate armour (inner flame, 100% to hit)
The magic dart hits the orc warrior.
Flame seeps out of the orc warrior.
The orc warrior is lightly wounded.
The white imp shouts, "Get thee gone, thou plume-plucked fen-sucked dewberry!"
You hear a shout!
A quokka comes into view.
The orc warrior is engulfed in blazing flames.
Flame seeps out of the orc warrior.
Casting: Magic Dart (safe; 1% risk of failure)
Confirm with . or Enter, or press ? or * to list all spells.
Aiming: Magic Dart (safe; 1% risk of failure)
Press: ? - help, Shift-Dir - straight line, f/p - orc warrior
Aim: an orc warrior, wielding a +0 war axe and wearing a +0 plate armour (heavily wounded, inner flame, 100% to hit)
The magic dart hits the orc warrior but does no damage.
The orc warrior is heavily wounded.
An orc comes into view. It is wielding a +0 hand axe.
Casting: Magic Dart (safe; 1% risk of failure)
Confirm with . or Enter, or press ? or * to list all spells.
Aiming: Searing Ray (safe; 1% risk of failure)
Press: ? - help, Shift-Dir - straight line, f/p - orc warrior
Aim: an orc warrior, wielding a +0 war axe and wearing a +0 plate armour (heavily wounded, inner flame, 79% to hit)
The searing ray hits the orc warrior but does no damage.
The orc warrior is heavily wounded. (Press . to maintain the ray.)
The white imp gestures at you. The puff of frost hits you!
You feel a terrible chill!
* * * LOW HITPOINT WARNING * * *
Casting: Searing Ray (safe; 1% risk of failure)
Confirm with . or Enter, or press ? or * to list all spells.
The spell is quite dangerous to miscast (10% risk of failure)!
Continue anyway?
You erupt in a blast of force!
The mystic blast hits the orc warrior.
Flame seeps out of the orc warrior.
The orc warrior is severely wounded.
The orc warrior is knocked back by the mystic blast.
The orc warrior collides with the orc!
The orc is severely wounded.
* * * LOW HITPOINT WARNING * * *
Casting: Iskenderun's Mystic Blast (quite dangerous; 10% risk of failure)
Confirm with . or Enter, or press ? or * to list all spells.
The spell is quite dangerous to miscast (10% risk of failure)!
Continue anyway?
You erupt in a blast of force!
The mystic blast hits the orc warrior.
Flame seeps out of the orc warrior.
The orc warrior is severely wounded.
The orc warrior is knocked back by the mystic blast.
The orc warrior collides with the orc!
You kill the orc!
* * * LOW HITPOINT WARNING * * *
You hear a shout! x2
Casting: Iskenderun's Mystic Blast (quite dangerous; 10% risk of failure)
Confirm with . or Enter, or press ? or * to list all spells.
The spell is quite dangerous to miscast (10% risk of failure)!
Continue anyway?
You miscast Iskenderun's Mystic Blast.
You are very lightly contaminated with residual magic.
Nothing appears to happen.
* * * LOW HITPOINT WARNING * * *
The orc warrior is engulfed in blazing flames.
The orc warrior explodes!
The quokka barely misses you.
You hear a shout!
Your Fighting skill increases to level 3!
Your Evocations skill increases to level 3!
Casting: Iskenderun's Mystic Blast (dangerous; 9% risk of failure)
Confirm with . or Enter, or press ? or * to list all spells.
You erupt in a blast of force!
The mystic blast hits the white imp.
The white imp is moderately wounded.
The white imp is knocked back by the mystic blast.
The mystic blast hits the quokka.
The quokka is almost dead.
The quokka is knocked back by the mystic blast.
* * * LOW HITPOINT WARNING * * *
An orc comes into view. It is wielding a +0 hand axe.
Grinder comes into view.
Your magical contamination has completely faded away.
The quokka attacks as you move away! The quokka completely misses you.
The quokka attacks as you move away! The quokka misses you.
The quokka bites you.
* * * LOW HITPOINT WARNING * * *
Casting: Iskenderun's Mystic Blast (dangerous; 9% risk of failure)
Confirm with . or Enter, or press ? or * to list all spells.
You erupt in a blast of force!
The mystic blast hits the quokka.
You kill the quokka!
* * * LOW HITPOINT WARNING * * *
Grinder blinks!
The white imp gestures at you. The puff of frost hits you!
You feel a terrible chill!
You die...

######## #.# .......#
#.# .......# #.#
.......# #5# .......#
#.# .......# #.#
.......#########.#
..............##.# ..
..............##@##....
###...#................
......#................
......#..)).........###
......#.............#
......#......)......#
...#........).......#
... ...............)#
..............#


You could see a white imp.

Vanquished Creatures
  An orc warrior (D:5)
  A black bear (D:4)
  An ogre (D:4)
  A phantom (D:3)
  A howler monkey (D:4)
  A hound (D:4)
  Jessica (D:3)
  2 iguanas
  Robin (D:3)
  6 adders
  2 worms
  2 dart slugs (D:3)
  9 orcs
  15 ball pythons
  3 bats
  13 endoplasms
  2 giant cockroaches
  12 goblins
  5 hobgoblins
  13 kobolds
  5 quokkas
  2 frilled lizards (D:2)
  4 rats
103 creatures vanquished.

Notes
Turn   | Place    | Note
-------+----------+-------------------------------------------
     0 | D:1      | RascalDebosk the Djinni Conjurer began the quest for the
                  | Orb.
     0 | D:1      | RascalDebosk set off with the following spells memorised:
                  | Magic Dart, Searing Ray, Dazzling Flash, Fulminant Prism,
                  | Iskenderun's Mystic Blast.
     0 | D:1      | Reached XP level 1. HP: 15/15 MP: 0/0
    79 | D:1      | Reached XP level 2. HP: 21/21 MP: 0/0
    97 | D:1      | Found Xefin's Antique Armour Boutique.
   937 | D:2      | Reached XP level 3. HP: 22/25 MP: 0/0
   937 | D:2      | Learned a level 1 spell: Sandblast
   954 | D:2      | Reached skill level 4 in Spellcasting
  1255 | D:2      | Reached XP level 4. HP: 29/31 MP: 0/0
  2194 | D:3      | Found a hazy altar of Hepliaklqana.
  2224 | D:3      | Noticed Jessica
  2226 | D:3      | Killed Jessica
  2227 | D:3      | Reached XP level 5. HP: 34/36 MP: 0/0
  2227 | D:3      | Learned a level 2 spell: Scorch
  2254 | D:3      | Noticed Robin
  2259 | D:3      | Killed Robin
  2263 | D:3      | Reached skill level 1 in Evocations
  2265 | D:3      | Reached skill level 1 in Fighting
  2390 | D:3      | Found a shadowy altar of Dithmenos.
  2393 | D:3      | Found a snail-covered altar of Cheibriados.
  2393 | D:3      | Found a stormy altar of Qazlal.
  2427 | D:3      | Found a shimmering altar of Xom.
  2614 | D:3      | Noticed a phantom
  2621 | D:3      | Killed a phantom
  2622 | D:3      | Reached skill level 5 in Spellcasting
  2622 | D:3      | Reached XP level 6. HP: 35/42 MP: 0/0
  2878 | D:4      | Noticed an ogre
  2885 | D:4      | Killed an ogre
  3012 | D:4      | Found a staircase to the Ecumenical Temple.
  3029 | Temple   | Entered the Ecumenical Temple
  3063 | Temple   | Became a worshipper of Ashenzari the Shackled
  3159 | D:4      | Reached XP level 7. HP: 38/49 MP: 0/0
  3159 | D:4      | Learned a level 3 spell: Inner Flame
  3820 | D:1      | Bought an embroidered scarf for 184 gold pieces
  3920 | D:4      | Reached skill level 1 in Short Blades
  4633 | D:5      | Entered Level 5 of the Dungeon
  4760 | D:5      | Noticed Grinder
  4775 | D:5      | Killed from afar by a white imp

Illustrated notes

Levels and vault maps discovered:
D:1:      lemuel_arrival_tunnels, layout_loops_ring, serial_shops, shop
D:2:      layout_basic, minmay_puff
D:3:      layout_loops_ring, minmay_overflow_temple_star_hex,
          mainiacjoe_overflow_catwalk, uniq_jessica, uniq_robin
D:4:      layout_layer_cave, minmay_temple_entry_waves
D:5:      layout_basic, makhleb_grotto_becter, uniq_grinder
Temple:   hellmonk_temple_beads

Skill      XL: |  1  2  3  4  5  6  7 |
---------------+----------------------+-----
Spellcasting   | 4 5 |  5.8
Evocations     | 1 2 3 |  3.0
Fighting       | 1 2 3 |  3.0
Short Blades   | 1 |  1.4
Dodging        | |  2.1
Stealth        | |  1.5

Action                     |  1- 3 |  4- 6 |  7- 9 || total
---------------------------+-------+-------+-------++-------
  Melee: Unarmed           |     1 |       |       ||     1
         Dagger            |    11 |       |       ||    11
   Cast: Magic Dart        |    47 |   113 |    35 ||   195
         Sandblast         |     2 |       |       ||     2
         Searing Ray       |       |     1 |     3 ||     4
         Iskenderun's Myst |       |     1 |     4 ||     5
         Scorch            |       |     1 |       ||     1
         Inner Flame       |       |       |    19 ||    19
 Armour: Robe              |     2 |     2 |       ||     4
  Dodge: Dodged            |     8 |     6 |     4 ||    18
